 Dungeon Crawl Stone Soup version 0.31.0-11-ge490571c62 (webtiles) character file.

Game seed: 530406802303138448

20 EonDragon20 the Changeling (level 2, -1/21 HPs)
             Began as a Merfolk Shapeshifter on Feb 7, 2024.
             Frozen to death by an endoplasm (5 damage)
             ... on level 1 of the Dungeon.
             The game lasted 00:02:00 (652 turns).

EonDragon20 the Changeling (Merfolk Shapeshifter)    Turns: 652, Time: 00:02:00

Health: -1/21      AC:  2    Str: 13 (14) XL:     2   Next: 79%
Magic:  2/2        EV: 12    Int:  7 (9)  God:
Gold:   56         SH:  0    Dex: 11 (13) Spells: 1/1 levels left

rFire   . .          .
                       - Unarmed
rCold   . . .        (no shield)
rNeg    . . .        a - +0 animal skin
rPois   .            (helmet currently unavailable)
rElec   .            (cloak currently unavailable)
rCorr   .            (gloves currently unavailable)
SInv    .            (boots currently unavailable)
Will    .....        (no amulet)
Stlth   +            (no ring)
HPRegen 0.23/turn    (no ring)
MPRegen 0.08/turn

%: no passive effects
@: beast-form
A: beast (slay +2), (nimble swimmer 2), mertail
a: Begin Untransformation


You were on level 1 of the Dungeon.
You were a hulking beast.
You visited 1 branch of the dungeon, and saw 2 of its levels.

You collected 56 gold pieces.

Inventory:

Armour
 a - a +0 animal skin (worn)
Talismans
 c - a beast talisman
 d - a flux talisman
Scrolls
 h - a scroll of teleportation
Potions
 b - a potion of lignification


   Skills:
 - Level 1.1 Fighting
 - Level 2.6 Dodging
 - Level 3.2 Unarmed Combat
 * Level 5.1 Shapeshifting


You had one spell level left.
You didn't know any spells.
Your spell library was empty.

Dungeon Overview and Level Annotations

Branches:
Dungeon (2/15)

Altars:


Innate Abilities, Weirdness & Mutations

You are a hulking beast.
Your limbs bulge with bestial killing power. (Slay +2)
((You are very nimble when in or above water. (Stealth+, EV+, Speed+++)))
Your lower body shifts to a powerful aquatic tail in water.


Message History

You closely miss the quokka. The quokka closely misses you.
The endoplasm hits you. The endoplasm freezes you.
You are frozen.
The quokka bites you.
You climb upwards.
There is a stone staircase leading down here.
You hit the endoplasm.
The endoplasm is heavily wounded.
The endoplasm closely misses you. The endoplasm hits you. The quokka bites you.
* * * LOW HITPOINT WARNING * * *
You punch the endoplasm!
You kill the endoplasm!
The quokka closely misses you. The endoplasm misses you.
The quokka attacks as it pursues you! The quokka barely misses you.
The endoplasm misses you. The quokka attacks as it pursues you!
The quokka bites you.
* * * LOW HITPOINT WARNING * * *
You hit the quokka.
The quokka is moderately wounded.
The quokka closely misses you. The quokka barely misses you.
You closely miss the quokka.
The quokka is moderately wounded.
The quokka closely misses you.
It was a potion of degeneration.
There was something very wrong with that liquid.
You feel weakened.
You feel dopey.
You feel clumsy. The quokka barely misses you.
You hit the quokka.
The quokka is almost dead.
The quokka barely misses you.
You miss the quokka.
The quokka is almost dead.
The quokka closely misses you.
You hit the quokka.
You kill the quokka!
You hit the endoplasm.
The endoplasm is heavily wounded.
The endoplasm freezes you.
You are frozen.
You die...

...#.###.#..........|..####
####.# #.#.##'#+#......# #.#
#.#.##.........## ####.#
#.#.####..#...## ...#'###.#.#
#....### .........#.#####.#.#
...).....#......>#.#
.........#######J#.#
...#.###.# #h#.# .......).#
#.#.#
...#.###########.#.###########
...#.#...........#...........#
####.#.#####################.#
.....#.# #.# ######.# #.# #
#.# #.#### ######.# #.....


You could see an endoplasm.

Vanquished Creatures
  A dart slug (D:1)
  A ball python (D:1)
  3 endoplasms (D:1)
  A giant cockroach (D:1)
  2 goblins (D:1)
  A hobgoblin (D:1)
  A kobold (D:2)
  A quokka (D:1)
  3 bats (D:1)
  2 rats (D:1)
16 creatures vanquished.

Notes
Turn   | Place    | Note
-------+----------+-------------------------------------------
     0 | D:1      | EonDragon20 the Merfolk Shapeshifter began the quest for
                  | the Orb.
     0 | D:1      | Reached XP level 1. HP: 15/15 MP: 1/1
    95 | D:1      | Reached XP level 2. HP: 16/21 MP: 2/2
   435 | D:1      | Reached skill level 5 in Shapeshifting
   652 | D:1      | Frozen to death by an endoplasm

Illustrated notes

Levels and vault maps discovered:
D:1:      ebering_trefoil_3fold, layout_basic, minmay_three_crescents
D:2:      layout_loops_ring, ebering_ecumenical_altar_webs, st_stairs_13

Skill      XL: |  1  2 |
---------------+-------+-----
Shapeshifting  | 5 |  5.1
Fighting       | |  1.1
Dodging        | |  2.6
Unarmed Combat | |  3.2

Action                     || total
---------------------------++-------
  Melee: Unarmed           ||    43
         Punch             ||     1
    Use: Scroll            ||     3
         Potion            ||     1
   Stab: Sleeping          ||     2
 Armour: Animal skin       ||    27
  Dodge: Dodged            ||    37
